 Seeded DCSS version 0.24-a0-312-g16217b4 (webtiles) character file.

Game seed: 9177750511903254063

17 Llamajah the Charlatan (level 2, -1/21 HPs)
             Began as a Vampire Artificer on May 14, 2019.
             Slain by a worm (6 damage)
             ... on level 2 of the Dungeon.
             The game lasted 00:02:57 (867 turns).

Llamajah the Charlatan (Vampire Artificer)           Turns: 867, Time: 00:02:57

Health: -1/21      AC:  5    Str: 11    XL:     2   Next: 44%
Magic:  4/4        EV: 12    Int: 13    God:
Gold:   65         SH:  0    Dex: 14    Spells: 1/1 levels left

rFire    . . .     SeeInvis +   a - +0 short sword
rCold    . . .     Gourm    .   (no shield)
rNeg     + . .     Faith    .   b - +0 leather armour
rPois    .         Spirit   .   m - +2 hat
rElec    .         Reflect  .   (no cloak)
rCorr    .         Harm     .   (no gloves)
MR       .....                  (no boots)
Stlth    ++........             (no amulet)
HPRegen  0.07/turn              (no ring)
MPRegen  0.09/turn              (no ring)

@: no status effects
A: fangs 3, see invisible, unbreathing
a: no special abilities


You were on level 2 of the Dungeon.
You were not thirsty.

You visited 1 branch of the dungeon, and saw 2 of its levels.

You collected 65 gold pieces.

Inventory:

Hand Weapons
 a - a +0 short sword (weapon)
Missiles
 j - 48 sling bullets
Armour
 b - a +0 leather armour (worn)
 m - a +2 hat (worn)
Wands
 c - a wand of flame (15)
 d - a wand of enslavement (15)
 e - a wand of random effects (15)
Scrolls
 h - 2 scrolls of remove curse {unknown}
 n - a scroll of teleportation {unknown}
Potions
 f - 6 potions of blood
 g - a potion of haste {unknown}
 i - 2 potions of degeneration {unknown}
 k - a potion of resistance {unknown}
 l - a potion of might {unknown}
 o - a potion of ambrosia {unknown}


   Skills:
 + Level 1.0 Fighting
 + Level 1.3 Short Blades
 + Level 2.7 Dodging
 + Level 1.5 Stealth
 + Level 3.1 Evocations


You had one spell level left.
You didn't know any spells.
Your spell library was empty.

Dungeon Overview and Level Annotations

Branches:
Dungeon (2/15)

Altars:


Innate Abilities, Weirdness & Mutations

You have razor-sharp teeth.
You have supernaturally acute eyesight. (SInv)
You can survive without breathing.


Message History

The worm is severely wounded.
The worm bites you but does no damage.
You barely miss the worm.
The worm is heavily wounded.
You hit the worm.
The worm is severely wounded.
The worm bites you!
You are too injured to fight recklessly!
You are too injured to fight recklessly!
You are too injured to fight recklessly!
You hit the worm.
The worm is severely wounded.
You hit the worm but do no damage. Your bite misses the worm.
The worm is severely wounded.
The worm bites you.
* * * LOW HITPOINT WARNING * * *
You barely miss the worm.
The worm is severely wounded.
The worm bites you.
You die...

###
.############.#######
......w@.?........รท<#
.##########.....<...####
#<.....).......
##.........#...
##........#...
##.###.### .. #.# #..[
.. #.# #..# # #. ##.#


You could see a worm.

Vanquished Creatures
  A ball python (D:1)
  3 bats
  A giant cockroach (D:2)
  2 goblins (D:1)
  A hobgoblin (D:1)
  3 frilled lizards (D:1)
  4 kobolds
  A rat (D:1)
16 creatures vanquished.

Notes
Turn   | Place    | Note
-------+----------+-------------------------------------------
     0 | D:1      | Llamajah the Vampire Artificer began the quest for the Orb.
     0 | D:1      | Reached XP level 1. HP: 14/14 MP: 2/2
    43 | D:1      | Reached skill level 1 in Fighting
   233 | D:1      | Reached XP level 2. HP: 18/21 MP: 4/4
   576 | D:1      | Reached skill level 3 in Evocations
   867 | D:2      | Slain by a worm

Levels and vault maps discovered:
D:1:      mrwooster_arrival_arrow, layout_basic
D:2:      layout_loops_ring, lemuel_doored_altar, grunt_temple_overflow_open,
          serial_bayou_ford_a

Skill      XL: |  1  2 |
---------------+-------+-----
Fighting       | 1 |  1.0
Evocations     | 3 |  3.1
Short Blades   | |  1.3
Dodging        | |  2.7
Stealth        | |  1.5

Action                   || total
-------------------------++-------
Melee: Short sword       ||    57
       Bite              ||     6
 Stab: Sleeping          ||     3
Armor: Leather armour    ||    13
Dodge: Dodged            ||    34

Table legend:
 A = Non-vault XP
 B = Vault XP
 C = Vault XP percentage of total XP
 D = Non-vault monster count
 E = Vault monster count
 F = Vault count percentage of total count
                 A         B        C        D         E       F
            +---------+---------+-------+---------+---------+-------
      Total |      25 |       0 |   0.0 |      16 |       0 |   0.0
            +---------+---------+-------+---------+---------+-------
        D:1 |      20 |       0 |   0.0 |      13 |       0 |   0.0
        D:2 |       5 |       0 |   0.0 |       3 |       0 |   0.0
            +---------+---------+-------+---------+---------+-------
